AoeStats
← Griphusinvictus

Arabia

507816568Analyzed
4v4 RM · 13d ago on Sep 19, 2026· 28m 39s· 8 players
Game mode
Random Map
Map size
Large (8 player)
Population
200
Speed
Normal
Resources
Standard
Victory
Conquest
Starting age
Dark Age
Ending age
Imperial Age
RankedLock teamsTeams togetherTeam positionsShared explorationLock speedFull tech treeHidden civsTurbo modeCheats
Victory
Defeat
🇸🇪 Persians · Sweden
1461
+13
🇸🇪 Britons · Sweden
1409
+15
🇸🇪 Magyars · Sweden
1380
+16
🇸🇪 Wu · Sweden
1243
+22
🇨🇳 Ethiopians · China
1426
-18
🇵🇪 Japanese · Peru
1380
-16
🇨🇿 Lithuanians · Czechia
1378
-16
🇫🇷 Franks · France
1364
-16
kraquen
7:05 Loom
9:58 Feudal Age
13:02 Fletching
16:47 Padded Archer Armor
差不多先生
5:53 Loom
8:58 Feudal Age
9:52 Double-Bit Axe
12:29 Wheelbarrow
13:57 Scale Barding Armor
20:14 Forging
25:15 Castle Age
Rakosnik
8:19 Feudal Age
6:56 Loom
9:13 Double-Bit Axe
10:44 Horse Collar
18:43 Scale Barding Armor
20:01 Bloodlines
20:14 Forging
23:32 Castle Age
21:48 Gold Mining
23:18 Wheelbarrow
24:14 Husbandry
24:39 Chain Barding Armor
28:02 Hand Cart
Les Choristes
6:53 Loom
9:35 Feudal Age
11:34 Fletching
12:49 Padded Archer Armor
12:50 Double-Bit Axe
21:42 Wheelbarrow
24:18 Castle Age
22:12 Gold Mining
25:00 Bodkin Arrow
24:25 Crossbowman
wmoloo
4:12 Loom
9:45 Feudal Age
11:01 Double-Bit Axe
17:50 Wheelbarrow
17:47 Fletching
17:58 Padded Archer Armor
23:30 Castle Age
22:43 Gold Mining
23:16 Horse Collar
23:42 Crossbowman
25:24 Bodkin Arrow
26:17 Hand Cart
29:18 Leather Archer Armor
Griphusinvictus
6:27 Loom
9:05 Feudal Age
10:20 Double-Bit Axe
20:11 Castle Age
19:39 Scale Barding Armor
19:46 Bloodlines
20:13 Light Cavalry
20:55 Husbandry
23:40 Chain Barding Armor
Ak-guy
5:52 Loom
8:13 Feudal Age
8:54 Double-Bit Axe
9:56 Horse Collar
18:03 Wheelbarrow
18:31 Bloodlines
18:27 Scale Barding Armor
22:50 Castle Age
20:59 Gold Mining
21:34 Forging
23:08 Light Cavalry
24:13 Chain Barding Armor
24:29 Iron Casting
26:30 Bow Saw
29:19 Gold Shaft Mining
ClaesErik
0:57 Loom
9:39 Feudal Age
14:47 Fletching
17:08 Padded Archer Armor
24:56 Horse Collar
25:05 Double-Bit Axe
30:07 Castle Age
Connection lost

Rejoining the realm…

Still unreachable

The connection could not be restored.

Session expired

The server has moved on; the page needs a fresh start.